 Dungeon Crawl Stone Soup version 0.22-a0-542-gce4f928 (webtiles) character file.

9 inc the Sneak (level 2, 0/17 HPs)
             Began as an Octopode Enchanter on June 24, 2018.
             Slain by a jackal (2 damage)
             ... on level 1 of the Dungeon.
             The game lasted 00:00:24 (109 turns).

inc the Sneak (Octopode Enchanter)                   Turns: 109, Time: 00:00:25

Health: 0/17       AC:  1    Str:  7    XL:     2   Next: 16%
Magic:  5/5        EV: 13    Int: 17    God:
Gold:   0          SH:  0    Dex: 12    Spells: 4/5 levels left

rFire    . . .     SeeInvis .   b - +0 dagger (venom)
rCold    . . .     Gourm    .   (no shield)
rNeg     . . .     Faith    .   (helmet restricted)
rPois    .         Spirit   .   (no amulet)
rElec    .         Reflect  .   (no ring)
rCorr    .         Harm     .   (no ring)
MR       .....                  (no ring)
Stlth    +++.......             (no ring)
HPRegen  0.05/turn              (no ring)
MPRegen  0.09/turn              (no ring)
                                (no ring)
                                (no ring)

@: no status effects
A: almost no armour, stealthy swim, amphibious, 8 rings, constrict 8, camouflage
1, gelatinous body 1
a: no special abilities


You were on level 1 of the Dungeon.
You were not hungry.

You visited 1 branch of the dungeon, and saw 1 of its levels.

Inventory:

Hand Weapons
 a - a +1 dagger
 b - a +0 dagger of venom (weapon)
Comestibles
 c - a ration


   Skills:
 - Level 1.0 Short Blades
 - Level 2.0 Dodging
 - Level 4.0 Stealth
 - Level 2.0 Spellcasting
 + Level 3.6 Hexes


You had 4 spell levels left.
You knew the following spells:

 Your Spells              Type           Power        Failure   Level  Hunger
a - Corona                Hex            ##.....      4%          1    #......

Your spell library contained the following spells:

 Spells                   Type           Power        Failure   Level  Hunger
 Confuse                  Hex            ##......     13%         3    ###....
 Tukima's Dance           Hex            ##......     13%         3    ###....
 Ensorcelled Hibernation  Hex/Ice        #.....       14%         2    ###....
 Dazzling Spray           Conj/Hex       #.....       28%         3    ###....


Dungeon Overview and Level Annotations

Branches:
Dungeon (1/15)

Altars:


Innate Abilities, Weirdness & Mutations

You cannot wear most types of armour.
You are very stealthy in the water. (Stealth+)
You are amphibious.
You can wear up to eight rings at the same time.
You can use your tentacles to constrict eight enemies at once.
Your skin changes colour to match your surroundings (Stealth+).
Your rubbery body absorbs attacks. (AC +1, EV +1)


Message History

You miss the kobold. Your grab misses the kobold.
You constrict the kobold, but do no damage.
The jackal bites you but does no damage.
The kobold hits you with a dagger.
* * * LOW HITPOINT WARNING * * *
The jackal barely misses you. The kobold barely misses you.
Unknown command.
Unknown command.
You barely miss the kobold. Your grab misses the kobold.
You constrict the kobold. The jackal barely misses you.
The kobold hits you with a dagger.
* * * LOW HITPOINT WARNING * * *
The kobold hits you with a dagger.
* * * LOW HITPOINT WARNING * * *
Unknown command.
Unknown command.
You hit the kobold.
The kobold is poisoned.
You grab the kobold.
The kobold is moderately wounded.
You constrict the kobold. x2; The jackal bites you.
You die...

#.......# #.......#
#.......# ######.#######
#...†........ #######
#.....#######
##.....#######.....#######
#>.....hhK................
#......hK@...............†
#.......##################
#.....(.# # #.......#
#..........# ....#.......#
............#
.....######## .....


You could see 3 jackals and 2 kobolds.

Vanquished Creatures
  A dart slug (D:1)
  A giant cockroach (D:1)
  A hobgoblin (D:1)
  A jackal (D:1)
  A kobold (D:1)
  2 rats (D:1)
7 creatures vanquished.

Notes
Turn   | Place    | Note
-------+----------+-------------------------------------------
     0 | D:1      | inc the Octopode Enchanter began the quest for the Orb.
     0 | D:1      | Reached XP level 1. HP: 11/11 MP: 3/3
    79 | D:1      | Reached XP level 2. HP: 17/17 MP: 5/5
   109 | D:1      | Slain by a jackal

Vault maps used:
D:1:      lemuel_arrival_cross

Action                   || total
-------------------------++-------
Melee: Dagger            ||    16
       Constrict         ||     4
 Stab: Sleeping          ||     4
Armor: Skin              ||     1
Dodge: Dodged            ||    14

Table legend:
 A = Spawn XP
 B = Non-spawn XP
 C = Spawn XP percentage of total XP
 D = Spawn monster count
 E = Non-spawn monster count
 F = Spawn count percentage of total count
 G = Total turns spent on level
                    A         B        C        D         E        F      G
               +---------+---------+-------+---------+---------+-------+---------
         Total |       0 |      14 |   0.0 |       0 |       7 |   0.0 |   109
               +---------+---------+-------+---------+---------+-------+---------
           D:1 |       0 |      14 |   0.0 |       0 |       7 |   0.0 |   109
               +---------+---------+-------+---------+---------+-------+---------
